Map: Omicron

Players

TitaniumONE - Winner!

  • Race: Terran Terran
  • Spawn Location: 1:00

AzRaEl

  • Race: Protoss Protoss
  • Spawn Location: 9:00

SilensDark - Winner!

  • Race: Zerg Zerg
  • Spawn Location: 3:00

Gracz

  • Race: Protoss Protoss
  • Spawn Location: 7:00

VOD

Have the link to the VOD?

Description

Time

  • Played on: April 2, 2016, 4:31 p.m.
  • Length: 16:58
Show
View Real Time Build Order
Export as new Build Order

TitaniumONE Terran - Winner!

Build Orders: Reaper Expand 

Get SALT Encoding   

  12  0:02  SCV  
  13  0:14  SCV  
  13  0:20  Refinery  
  14  0:46  SCV  
  15  0:57  Supply Depot  
  15  1:30  Barracks, SCV  
  16  1:38  Command Center  
  16  1:42  SCV  
  17  1:55  SCV  
  17  1:57  Barracks  
  18  2:07  SCV  
  19  2:18  Barracks  
  19  2:21  Orbital Command  
  19  2:27  Reaper  
  20  2:38  Refinery  
  20  2:50  Orbital Command  
  20  2:52  SCV  
  20  2:58  Reaper  
  22  3:00  Reaper  
  22  3:04  SCV  
  24  3:08  Supply Depot  
  24  3:16  SCV x2  
  26  3:23  Reaper  
  27  3:28  SCV x2  
  27  3:30  Reaper  
  27  3:33  Factory  
  30  3:41  Factory  
  30  3:45  Supply Depot  
  30  3:50  SCV  
  30  3:51  SCV  
  30  3:53  Reaper  
  33  3:56  Reaper  
  33  4:02  SCV  
  35  4:04  SCV  
  35  4:07  Reaper  
  37  4:11  Supply Depot  
  37  4:14  SCV  
  37  4:16  SCV  
  39  4:26  SCV  
  39  4:28  Factory Tech Lab x2, SCV  
  41  4:34  Supply Depot  
  42  4:38  SCV  
  42  4:40  SCV  
  43  4:50  SCV  
  43  4:51  Marine x2  
  43  4:52  SCV  
  47  4:58  Command Center  
  47  5:03  Supply Depot  
  47  5:05  Command Center  
  47  5:13  Engineering Bay  
  47  5:14  Engineering Bay  
  47  5:16  Reaper x2  
  47  5:17  Reaper  
  47  5:18  SCV x2  
  52  5:27  Supply Depot  
  52  5:30  SCV x2  
  54  5:48  Marine, Reaper  
  54  5:49  Reaper  
  57  6:03  SCV x2  
  59  6:06  Reaper  
  60  6:15  SCV x2  
  62  6:20  Reaper  
  62  6:21  Reaper  
  64  6:27  SCV  
  65  6:38  Reaper  
  55  7:21  Reaper x2  
  55  7:22  Reaper  
  56  7:39  Armory  
  56  7:43  Armory  
  56  7:53  Reaper  
  56  7:54  Reaper x2  
  52  8:54  Barracks Reactor x2  
  50  8:58  Barracks Reactor  
  50  8:59  Thor x2  
  61  9:05  Orbital Command  
  61  9:08  Orbital Command  
  58  9:19  SCV x2  
  60  9:31  SCV x2  
  60  9:38  Starport  
  62  9:39  Starport  
  62  9:43  SCV x2  
  64  9:47  Refinery  
  64  9:49  Refinery  
  64  9:54  SCV x2  
  64  9:55  SCV x2  
  64  9:59  Refinery  
  68  10:01  Refinery x2  
  68  10:06  SCV x2  
  70  10:07  SCV  
  70  10:08  SCV  
  70  10:14  Marine x6  
  78  10:26  Barracks  
  78  10:27  Refinery  
  78  10:28  Barracks  
  78  10:31  Marine  
  78  10:32  Marine x5, Supply Depot  
  84  10:38  Supply Depot  
  84  10:39  Terran Infantry Armor Level 1, Terran Infantry Weapons Level 1  
  84  10:46  Starport Tech Lab  
  84  10:49  Marine x3  
  85  10:50  Marine x3  
  85  10:54  Supply Depot  
  90  11:00  Supply Depot  
  90  11:07  Marine x5  
  90  11:08  Marine  
  96  11:20  SCV x4  
  96  11:21  Supply Depot  
  96  11:25  Marine  
  101  11:32  SCV x3  
  104  11:33  SCV  
  104  11:38  Marine x7  
  112  11:42  Thor x2  
  112  11:43  Marine  
  112  11:44  SCV x2  
  112  11:45  Starport Reactor, Supply Depot  
  127  11:55  Marine  
  127  11:56  Marine x6  
  127  11:58  Starport x2  
  127  12:00  Marine, Starport  
  135  12:07  Supply Depot  
  135  12:13  Marine x3, Command Center  
  135  12:14  Marine x4  
  142  12:18  Marine  
  143  12:25  Thor x2  
  143  12:29  Medivac x3  
  161  12:31  Marine x4, Command Center  
  161  12:32  Marine, Neosteel Frame  
  161  12:33  Building Armor  
  166  12:38  Barracks Tech Lab  
  166  12:39  Barracks Tech Lab  
  166  12:46  Viking  
  166  12:47  Viking  
  166  12:48  Viking  
  172  12:59  Supply Depot  
  172  13:00  Supply Depot  
  172  13:01  Supply Depot x3  
  172  13:02  Supply Depot x2  
  172  13:03  Supply Depot  
  172  13:04  Supply Depot  
  172  13:15  Marine x6  
  172  13:16  Medivac x2, Thor x2  
  172  13:17  Medivac, Viking x2  
  172  13:18  Combat Shields  
  172  13:19  Stimpack  
  200  13:25  Supply Depot  
  200  13:33  Supply Depot  
  200  13:34  Supply Depot  
  200  13:35  Supply Depot  
  200  13:36  Supply Depot  
  200  13:51  Terran Infantry Weapons Level 2  
  200  14:13  Terran Infantry Armor Level 2  
  200  14:36  Concussive Shells  
  194  14:52  Thor  
  194  14:55  Marine x7  
  194  14:56  Marine  
  190  15:12  Marine  
  190  15:13  Liberator x2, Marine x7  
  192  15:30  Marine  
  199  15:35  Marine  
  200  15:46  Refinery  
  200  15:50  Refinery  
Show
View Real Time Build Order
Export as new Build Order

AzRaEl Protoss 

Build Orders:  

Get SALT Encoding   

  12  0:29  Probe (Chrono Boost)  
  13  0:39  Probe (Chrono Boost)  
  14  1:02  Probe (Chrono Boost)  
  15  2:49  Assimilator  
  15  2:52  Assimilator  
  15  3:03  Pylon  
  15  3:22  Probe (Chrono Boost)  
  16  3:32  Probe (Chrono Boost)  
  17  3:43  Probe (Chrono Boost)  
  18  3:53  Probe (Chrono Boost)  
  19  5:09  Probe (Chrono Boost)  
  20  5:19  Probe (Chrono Boost)  
  21  5:30  Probe (Chrono Boost)  
  1  6:01  Probe (Chrono Boost)  
  1  6:12  Probe (Chrono Boost)  
    7:48  Probe (Chrono Boost)  
Show
View Real Time Build Order
Export as new Build Order

SilensDark Zerg - Winner!

Build Orders: Pool First 

Get SALT Encoding   

  12  0:02  Drone  
  13  0:11  Drone  
  14  0:17  Overlord  
  14  0:31  Extractor  
  13  0:35  Spawning Pool  
  13  0:40  Drone  
  13  0:44  Drone  
  13  0:48  Drone  
  15  0:52  Drone  
  16  1:01  Drone  
  17  1:13  Drone  
  18  1:23  Drone  
  19  1:32  Hatchery  
  18  1:34  Drone  
  19  1:41  Metabolic Boost  
  19  1:51  Drone  
  20  2:07  Hatchery  
  19  2:10  Drone x2  
  21  2:17  Drone  
  22  2:28  Overlord  
  22  2:45  Spore Crawler  
  22  2:46  Drone x2  
  23  2:52  Drone  
  23  2:57  Baneling Nest  
  23  2:58  Zergling x2  
  23  3:00  Zergling x2  
  23  3:02  Queen  
  23  3:05  Queen  
  29  3:08  Drone  
  29  3:11  Drone  
  31  3:19  Drone x2  
  33  3:32  Drone x3  
  33  3:33  Drone  
  37  3:35  Lair  
  37  3:39  Drone  
  38  3:44  Drone x2  
  38  3:47  Extractor  
  39  3:49  Extractor  
  39  3:54  Spore Crawler  
  39  3:55  Drone x3  
  40  3:59  Drone  
  40  4:02  Drone  
  42  4:05  Extractor  
  41  4:16  Drone  
  42  4:17  Overlord x2  
  42  4:35  Drone  
  42  4:36  Drone x8  
  42  4:37  Queen  
  53  4:39  Spine Crawler  
  53  4:43  Spore Crawler  
  52  4:48  Spine Crawler x2  
  52  4:49  Drone x3  
  52  4:51  Drone  
  54  4:53  Drone  
  54  4:57  Drone x2  
  57  5:07  Drone  
  57  5:09  Overlord  
  57  5:13  Overlord  
  58  5:16  Evolution Chamber  
  58  5:20  Evolution Chamber  
  56  5:22  Spine Crawler  
  56  5:24  Drone x3  
  58  5:30  Extractor  
  58  5:31  Extractor  
  56  5:39  Pneumatized Carapace  
  56  5:43  Zerg Melee Weapons Level 1  
  56  5:49  Spire, Hatchery  
  54  5:50  Zerg Ground Armor Level 1  
  54  5:56  Drone x8  
  62  6:07  Centrifical Hooks  
  62  6:10  Overlord x3  
  62  6:22  Spore Crawler  
  61  6:27  Spore Crawler  
  60  6:40  Infestation Pit  
  59  7:01  Spore Crawler  
  58  7:04  Zerg Flyer Weapons Level 1  
  58  7:09  Drone x4  
  58  7:10  Drone  
  58  7:12  Drone x5  
  58  7:14  Drone x2  
  70  7:15  Corruptor  
  70  7:16  Corruptor x7  
  86  7:26  Spore Crawler  
  85  7:33  Extractor  
  85  7:34  Extractor, Drone x4  
  87  7:43  Hive  
  87  7:47  Corruptor x3  
  87  7:50  Drone x2  
  95  8:02  Spire  
  94  8:18  Spore Crawler  
  93  8:20  Spore Crawler  
  93  8:21  Spore Crawler  
  93  8:22  Spore Crawler  
  93  8:26  Corruptor x4  
  93  8:27  Corruptor x2  
  102  8:36  Queen  
  102  8:37  Overlord x2  
  104  9:01  Hatchery  
  103  9:04  Zerg Flyer Weapons Level 2  
  103  9:15  Greater Spire  
  103  9:18  Zerg Ground Armor Level 2, Zerg Melee Weapons Level 2  
  103  9:30  Spore Crawler  
  102  9:37  Spore Crawler  
  101  9:39  Spore Crawler  
  101  9:43  Overlord  
  101  9:44  Overlord x3  
  100  10:05  Overseer  
  100  10:07  Overseer  
  100  10:10  Overseer x2  
  100  10:18  Corruptor x3  
  100  10:19  Corruptor x5  
  116  10:22  Overlord  
  116  10:28  Zerg Flyer Armor Level 1  
  116  10:36  Drone x4  
  116  10:37  Drone x3  
  116  10:39  Drone  
  116  10:41  Drone  
  126  10:42  Drone  
  126  10:56  Drone x2  
  126  10:57  Overlord x2, Drone  
  129  10:59  Overseer  
  129  11:09  Corruptor x2  
  133  11:12  Corruptor  
  135  11:26  Zerg Flyer Weapons Level 3  
  135  11:35  Extractor  
  135  11:38  Extractor  
  133  11:43  Spore Crawler  
  133  11:44  Spore Crawler  
  131  11:48  Spore Crawler  
  130  11:58  Hatchery  
  130  11:59  Adrenal Glands  
  129  12:04  Zerg Melee Weapons Level 3  
  129  12:05  Zerg Ground Armor Level 3  
  129  12:10  Hatchery  
  128  12:36  Burrow  
  128  12:44  Ultralisk Cavern  
  128  12:51  Zerg Flyer Armor Level 2  
  127  13:05  Overlord  
  127  13:06  Overlord x4  
  127  13:08  Corruptor x6  
  139  13:15  Spore Crawler  
  139  13:17  Spore Crawler  
  139  13:18  Spore Crawler  
  139  13:19  Spore Crawler  
  135  13:31  Chitinous Plating  
  135  13:37  Extractor  
  135  13:39  Extractor  
  133  13:42  Drone  
  133  13:43  Drone x3  
  133  13:45  Drone  
  138  14:02  Drone x3  
  141  14:03  Overlord, Drone x2  
  141  14:04  Overlord x2  
  141  14:05  Drone x2  
  145  14:13  Drone x3  
  148  14:17  Greater Spire  
  148  14:23  Hydralisk Den  
  147  14:29  Nydus Network  
  146  14:33  Spore Crawler  
  146  14:35  Spore Crawler  
  144  14:38  Spore Crawler x2  
  144  14:40  Spore Crawler  
  144  14:44  Spore Crawler  
  140  14:45  Spore Crawler  
  140  14:48  Spore Crawler  
  138  14:57  Drone x5  
  138  14:58  Drone x2  
  145  15:03  Spore Crawler  
  145  15:06  Drone, Spore Crawler  
  145  15:07  Drone x5  
  146  15:08  Queen  
  151  15:16  Corruptor x5  
  161  15:33  Spore Crawler  
  161  15:34  Spore Crawler  
  159  15:38  Spore Crawler  
  159  15:41  Spore Crawler  
  157  15:49  Corruptor  
  157  15:50  Corruptor x5  
  169  16:21  Hatchery  
Show
View Real Time Build Order
Export as new Build Order

Gracz Protoss 

Build Orders: Nexus First 

Get SALT Encoding   

  12  0:03  Probe (Chrono Boost)  
  13  0:13  Probe (Chrono Boost)  
  14  0:34  Nexus, Probe (Chrono Boost)  
  15  1:06  Assimilator  
  15  1:09  Assimilator  
  15  1:11  Pylon  
  15  1:15  Pylon  
  15  1:19  Pylon  
  15  1:22  Pylon  
  15  1:29  Probe (Chrono Boost)  
  16  1:37  Assimilator  
  17  1:40  Probe (Chrono Boost)  
  17  1:47  Pylon  
  17  1:48  Probe (Chrono Boost)  
  17  1:50  Assimilator, Probe (Chrono Boost)  
  19  1:59  Pylon, Probe (Chrono Boost)  
  19  2:01  Probe (Chrono Boost)  
  21  2:03  Pylon  
  21  2:09  Probe (Chrono Boost)  
  21  2:11  Probe (Chrono Boost)  
  23  2:20  Probe (Chrono Boost)  
  23  2:22  Probe (Chrono Boost)  
  25  2:30  Probe (Chrono Boost)  
  25  2:32  Gateway, Probe (Chrono Boost)  
  25  2:35  Forge  
  27  2:43  Probe x2 (Chrono Boost)  
  29  2:53  Probe (Chrono Boost)  
  29  2:54  Probe (Chrono Boost)  
  31  3:04  Probe (Chrono Boost)  
  32  3:26  Cybernetics Core  
  32  3:30  Zealot  
  34  3:38  Gateway  
  34  3:53  Pylon x2  
  34  3:57  Pylon  
  34  4:22  Stargate x2  
  34  4:25  Stargate  
  34  4:27  Stargate  
  34  4:31  Stargate  
  34  4:33  Stargate  
  34  4:34  Stargate  
  34  4:42  Stargate  
  34  4:48  Stargate  
  34  4:56  Stargate  
  34  4:58  Stalker  
  36  5:00  Warp Gate (Chrono Boost)  
  36  5:03  Mothership Core  
  38  5:22  Probe  
  38  5:23  Stargate  
  39  5:33  Probe  
  39  5:34  Fleet Beacon, Stalker x2  
  44  5:40  Gateway x2  
  44  5:41  Gateway  
  44  5:50  Void Ray x6  
  53  7:39  Probe  
  54  7:50  Probe  
  55  8:00  Probe  
  56  8:11  Probe  
  57  8:21  Probe  
  58  8:31  Void Ray  
  58  8:32  Void Ray x7  
  78  9:11  Probe  
  78  9:15  Probe  
  80  9:22  Probe  
  81  9:27  Probe  
  88  9:32  Probe, Graviton Catapult  
  89  9:39  Probe  
  89  9:43  Probe  
  91  9:51  Probe  
  92  9:53  Probe  
  92  9:54  Stalker x3  
  92  9:57  Zealot x2  
  103  10:03  Probe  
  104  10:24  Void Ray  
  108  10:46  Pylon  
  108  10:50  Pylon  
  108  11:03  Void Ray x2  
  116  11:08  Void Ray  
  120  11:31  Probe  
  120  11:32  Pylon  
  121  11:34  Probe  
  121  11:38  Void Ray  
  126  11:48  Probe  
  126  11:50  Probe, Void Ray  
  132  11:56  Pylon  
  132  11:59  Probe  
  133  12:02  Probe  
  134  12:12  Probe  
  134  12:14  Probe, Void Ray  
  140  12:20  Nexus  
  140  12:26  Probe  
  140  12:29  Pylon  
  141  12:32  Pylon  
  141  12:40  Pylon  
  141  12:43  Pylon  
  141  12:51  Pylon  
  141  12:59  Photon Cannon  
  141  13:02  Photon Cannon  
  141  13:10  Probe  
  142  13:22  Probe  
  143  13:33  Probe  
  143  13:35  Probe  
  145  13:41  Photon Cannon  
  145  13:43  Probe  
  145  13:45  Stalker x2  
  150  13:54  Probe  
  150  13:57  Protoss Air Weapons Level 1 (Chrono Boost)  
  150  14:02  Cybernetics Core  
  151  14:06  Anion Pulse-Crystals  
  151  14:18  Probe  
  151  14:23  Void Ray x2  
  160  14:28  Probe  
  156  14:39  Probe  
  134  15:29  Oracle x2  
  134  15:30  Void Ray x2  
  134  15:31  Void Ray x2  
  156  15:36  Sentry  
  156  15:37  Sentry  
  156  15:42  Probe  
  160  15:44  Probe  
  162  15:52  Probe  
  163  16:03  Probe  
  163  16:05  Photon Cannon  
  163  16:10  Probe  
  164  16:13  Probe  
  166  16:21  Probe  
  166  16:24  Probe  
  78  16:34  Probe  
  39  16:41  Stalker  
  39  16:42  Stalker  
Tags
 
Add a new tag
Caveats
  • Supply blocks, unpowered buildings, or Contaminate may cause inaccurate times.
  • Supply counts are checked every 10 seconds.